 Dungeon Crawl Stone Soup version 0.28-a0-872-g80cf8599ee (webtiles) character file.

Game seed: 15711078816392101608

17175 mcbry74 the Cleaver (level 12, 0/112 HPs)
             Began as a Hill Orc Fighter on Nov 20, 2021.
             Was an Elder of Fedhas.
             Slain by a skeletal warrior (21 damage)
             ... on level 11 of the Dungeon.
             The game lasted 00:50:04 (14982 turns).

mcbry74 the Cleaver (Hill Orc Fighter)             Turns: 14982, Time: 00:50:05

Health: 0/112      AC:  7    Str: 31    XL:     12   Next: 45%
Magic:  21/21      EV: 15    Int:  4    God:    Fedhas [****..]
Gold:   657        SH:  6    Dex: 10    Spells: 11/11 levels left

rFire   + . .      SeeInvis .   D - +9 flail "Riesuef" {vorpal, rF+ Str+7 Int-4}
rCold   . . .      Faith    .   c - +1 buckler
rNeg    + . .      Spirit   .   k - +2 leather armour {rN+}
rPois   +          Reflect  .   x - +2 hat
rElec   .          Harm     .   (no cloak)
rCorr   .          Rampage  .   (no gloves)
Will    .....                   (no boots)
Stlth   +.........              (no amulet)
HPRegen 0.28/turn               G - +4 ring of evasion
MPRegen 0.17/turn               y - ring of poison resistance

@: mighty
A: no striking features
a: Renounce Religion, Wall of Briars, Grow Ballistomycete, Overgrow


You were on level 11 of the Dungeon.
You worshipped Fedhas.
Fedhas was greatly pleased with you.
You visited 1 branch of the dungeon, and saw 11 of its levels.

You collected 657 gold pieces.

Inventory:

Hand Weapons
 a - a +2 war axe
 D - the +9 flail "Riesuef" (weapon) {vorpal, rF+ Str+7 Int-4}
   (You found it on level 6 of the Dungeon)

   It inflicts extra damage upon your enemies.
   Str:       It affects your strength (+7).
   Int:       It affects your intelligence (-4).
   rF:        It protects you from fire.
 M - a +1 broad axe of flaming
Missiles
 n - 6 boomerangs (quivered)
 r - 41 poisoned darts
 L - 4 throwing nets
 Q - 2 curare-tipped darts
 V - 4 javelins
Armour
 b - a +0 scale mail
 c - a +1 buckler (worn)
 k - a +2 leather armour of positive energy (worn)
 x - a +2 hat (worn)
 N - +0 steam dragon scales
 S - a +0 tower shield
 T - a +0 kite shield
Jewellery
 e - a ring of protection from cold
 w - a +6 ring of intelligence
 y - a ring of poison resistance (right hand)
 G - a +4 ring of evasion (left hand)
 H - a ring of magical power
 O - a +6 ring of strength
 R - a ring of positive energy
Wands
 A - a wand of polymorph (5)
 B - a wand of iceblast (27)
 E - a wand of flame (26)
 J - a wand of paralysis (7)
Scrolls
 l - 6 scrolls of teleportation
 o - a scroll of silence {unknown}
 p - 2 scrolls of amnesia
 q - 3 scrolls of blinking
 s - 4 scrolls of immolation
 t - 2 scrolls of torment
 F - a scroll of identify
 I - a scroll of magic mapping {unknown}
 K - a scroll of enchant armour
 U - a scroll of acquirement {unknown}
Potions
 g - 4 potions of curing
 h - 4 potions of resistance
 i - 3 potions of brilliance
 j - a potion of cancellation
 m - a potion of haste
 u - a potion of mutation
 v - 3 potions of berserk rage
 z - 3 potions of heal wounds
 C - 2 potions of attraction
Miscellaneous
 P - a phantom mirror


   Skills:
 + Level 12.0 Fighting
 - Level 12.6(15.0) Axes
 + Level 11.4(13.1) Maces & Flails
 + Level 5.3 Armour
 + Level 5.3 Shields
 - Level 12.0 Invocations


You had 11 spell levels left.
You didn't know any spells.
Your spell library contained the following spells:

 Spells                   Type           Power      Damage    Failure   Level
 Animate Skeleton         Necr           0%         N/A       54%         1
 Apportation              Tloc           0%         N/A       54%         1
 Foxfire                  Conj/Fire      0%         2x1d4     54%         1
 Sandblast                Erth           0%         2d4       54%         1
 Summon Small Mammal      Summ           0%         N/A       54%         1
 Corpse Rot               Necr/Air       0%         N/A       67%         2
 Ensorcelled Hibernation  Hex/Ice        0%         N/A       67%         2
 Poisonous Vapours        Pois/Air       0%         N/A       67%         2
 Static Discharge         Conj/Air       0%         N/A       67%         2
 Conjure Flame            Conj/Fire      0%         6-21      88%         3
 Inner Flame              Hex/Fire       0%         N/A       88%         3
 Tukima's Dance           Hex            0%         N/A       88%         3
 Dispel Undead            Necr           0%         3d6       99%         4
 Flame Wave               Conj/Fire      0%         3d3       99%         4
 Olgreb's Toxic Radiance  Pois           0%         N/A       99%         4
 Sticky Flame             Conj/Fire      0%         2d3       99%         4
 Summon Ice Beast         Ice/Summ       0%         N/A       99%         4
 Agony                    Necr           0%         N/A       100%        5
 Borgnjor's Vile Clutch   Necr/Erth      0%         N/A       100%        5
 Lightning Bolt           Conj/Air       0%         1d11      100%        5
 Summon Mana Viper        Hex/Summ       0%         N/A       100%        5
 Monstrous Menagerie      Summ           0%         N/A       100%        7
 Ozocubu's Refrigeration  Ice            0%         4d5       100%        7
 Ignition                 Fire           0%         3d3       100%        8
 Maxwell's Capacitive Co  Air            0%         ∞         100%        8
 Shatter                  Erth           0%         3d5*      100%        9


Dungeon Overview and Level Annotations

Branches:
Dungeon (11/15)            Temple (0/1) D:5            Lair (0/6) D:11
    Orc: D:9-12

Altars:
Ashenzari
Dithmenos
Fedhas
Okawaru
Ru
Sif Muna
Trog
Yredelemnul

Shops:
D:1 [   D:4 *   D:9 *


Message History

You block the skeletal warrior's attack.
You barely miss the skeletal warrior.
The skeletal warrior is heavily damaged.
The skeletal warrior misses you.
You barely miss the skeletal warrior.
The skeletal warrior is heavily damaged.
You barely miss the skeletal warrior.
The skeletal warrior is heavily damaged.
You block the skeletal warrior's attack.
You completely miss the skeletal warrior.
The skeletal warrior is heavily damaged.
You block the skeletal warrior's attack.
You bludgeon the skeletal warrior!!
The skeletal warrior is almost destroyed.
The skeletal warrior hits you with a +0 mace!!
* * * LOW HITPOINT WARNING * * *
You sock the skeletal warrior!
You destroy the skeletal warrior!
Fedhas accepts your kill.
Your Fighting skill increases to level 12!
There is a stone staircase leading down here.
There is an open door here.
There is an open door here.
The skeletal warrior hits you with a +0 scimitar!
* * * LOW HITPOINT WARNING * * *
You feel very mighty all of a sudden.
You block the skeletal warrior's attack.
You barely miss the skeletal warrior. You bludgeon the skeletal warrior!!
The skeletal warrior is moderately damaged.
The skeletal warrior hits you with a +0 scimitar.
* * * LOW HITPOINT WARNING * * *
You sock the skeletal warrior!
The skeletal warrior is heavily damaged.
The skeletal warrior barely misses you.
You closely miss the skeletal warrior.
The skeletal warrior is heavily damaged.
The skeletal warrior hits you with a +0 scimitar!!
You die...
Fedhas appreciates your contribution to the ecosystem.

#....# #...........#####......
##....#####......................
.................................
..........######+#...............
..........#......#...............
..........#......#...............
..........#......#.............##
..........#'######...............
########.......z@....#########...
#......#.............#..........#
#......######........#...........
#...........##########..^........
#................................
......#############..............
###...# #.............. ..#...#
#.............. .[#...#
#..............


You could see a skeletal warrior.

Vanquished Creatures
  Harold (D:8)
  4 two-headed ogres
  2 death yaks (D:10)
  2 skeletal warriors (D:11)
  The ghost of sastreii the Ducker, a novice GnGl of Nemelex Xobeh (D:7)
  A deep elf pyromancer (D:8)
  An ugly thing (D:11)
  A manticore (D:11)
  The ghost of whitenoisemaker the Destroyer, a novice DECj of Vehumet (D:6)
  Maggie (D:8)
  An unseen horror (D:11)
  2 komodo dragons (D:11)
  The ghost of mcbry74 the Conjurer, a novice DECj (D:4)
  2 trolls
  Grinder (D:6)
  A hornet (D:8)
  3 wraiths
  A shadow (D:11)
  A wyvern (D:11)
  13 yaks
  4 steam dragons
  A water moccasin (D:6)
  3 orc warriors
  A black bear (D:3)
  2 ice beasts
  3 necrophages
  A sky beast (D:5)
  3 ogres
  2 centaurs (D:8)
  3 phantoms
  5 kobold brigands
  3 bullfrogs
  A gnoll sergeant (D:6)
  3 wyvern zombies
  3 scorpions
  A water moccasin zombie (D:6)
  A wyvern skeleton (D:6)
  8 killer bees
  An electric eel (D:7)
  6 howler monkeys
  4 centaur zombies
  2 bullfrog zombies
  2 centaur skeletons (D:6)
  7 hounds
  5 orc priests
  2 jellies
  4 iguanas
  4 orc wizards
  A killer bee zombie (D:8)
  2 centaur simulacra (D:6)
  The ghost of casual the Insei, a weakling DsTm (D:3)
  A hound zombie (D:5)
  A spectral howler monkey (D:6)
  A hound skeleton (D:4)
  A howler monkey zombie (D:6)
  4 gnolls
  A howler monkey skeleton (D:6)
  2 adders
  A white imp (D:8)
  5 worms
  A dart slug (D:1)
  25 orcs
  7 ball pythons
  6 bats
  11 endoplasms
  7 giant cockroaches
  12 goblins
  10 hobgoblins
  5 jackals
  15 kobolds
  5 quokkas
  A ball python skeleton (D:3)
  A frilled lizard (D:1)
  4 rats
257 creatures vanquished.

Vanquished Creatures (collateral kills)
  3 killer bees (D:10)
  A killer bee zombie (D:7)
  2 gnolls (D:2)
  20 ballistomycete spores
26 creatures vanquished.

Vanquished Creatures (others)
  A yak (D:9)
  A ballistomycete spore (D:6)
  9 plants (D:7)
11 creatures vanquished.

Grand Total: 294 creatures vanquished

Notes
Turn   | Place    | Note
-------+----------+-------------------------------------------
     0 | D:1      | mcbry74 the Hill Orc Fighter began the quest for the Orb.
     0 | D:1      | Reached XP level 1. HP: 19/19 MP: 1/1
     0 | D:1      | Found a faded altar of an unknown god.
     5 | D:1      | Prayed at the altar of an unknown god.
     5 | D:1      | Became a worshipper of Fedhas Madash
     5 | D:1      | Reached * piety under Fedhas
    67 | D:1      | Reached XP level 2. HP: 18/26 MP: 2/2
   229 | D:1      | Found Imosto's Armour Boutique.
   490 | D:1      | Reached XP level 3. HP: 31/31 MP: 3/3
   847 | D:1      | Reached ** piety under Fedhas
   848 | D:1      | Reached skill level 5 in Axes
  1224 | D:2      | Reached XP level 4. HP: 39/39 MP: 4/4
  1918 | D:3      | Reached XP level 5. HP: 37/45 MP: 5/5
  2355 | D:3      | Reached *** piety under Fedhas
  2356 | D:3      | Noticed a black bear
  2397 | D:3      | Killed a black bear
  2398 | D:3      | Reached skill level 1 in Invocations
  2398 | D:3      | Reached XP level 6. HP: 5/52 MP: 5/7
  2774 | D:3      | Noticed casual's ghost (weakling DsTm)
  2789 | D:3      | Found a runed translucent gate.
  2789 | D:3      | Found a runed translucent gate.
  2790 | D:3      | Found a runed translucent gate.
  2839 | D:3      | Killed casual's ghost
  2988 | D:3      | HP: 2/53 [orc (5)]
  3525 | D:4      | Found Jischiv's Assorted Antiques.
  3799 | D:4      | Reached skill level 5 in Fighting
  3799 | D:4      | Reached XP level 7. HP: 52/61 MP: 8/8
  4028 | D:4      | Found a runed translucent door.
  4029 | D:4      | Noticed mcbry74's ghost (novice DECj)
  4047 | D:4      | Killed mcbry74's ghost
  4047 | D:4      | Reached **** piety under Fedhas
  4625 | D:5      | Entered Level 5 of the Dungeon
  4676 | D:5      | Reached XP level 8. HP: 68/71 MP: 10/10
  5083 | D:5      | Reached skill level 10 in Axes
  5324 | D:5      | Reached skill level 5 in Invocations
  5432 | D:5      | Found a staircase to the Ecumenical Temple.
  5665 | D:5      | Found a blossoming altar of Fedhas.
  5665 | D:5      | Found an iron altar of Okawaru.
  5854 | D:6      | Noticed Grinder
  5864 | D:6      | Killed Grinder
  6144 | D:6      | Reached XP level 9. HP: 81/81 MP: 13/13
  6195 | D:6      | Identified the +7 chain mail of Fun {Slay+2}
  6477 | D:6      | Got the Tome of the Ghastly Mountains
  6592 | D:6      | Reached ***** piety under Fedhas
  6869 | D:6      | Found a runed translucent gate.
  6870 | D:6      | Found a runed translucent gate.
  6871 | D:6      | Found a runed translucent gate.
  6872 | D:6      | Noticed whitenoisemaker's ghost (novice DECj)
  6918 | D:6      | Killed whitenoisemaker's ghost
  6919 | D:6      | Reached skill level 10 in Fighting
  7303 | D:6      | Reached XP level 10. HP: 90/94 MP: 15/15
  7356 | D:6      | Found a bloodstained altar of Trog.
  7356 | D:6      | Found a shadowy altar of Dithmenos.
  7380 | D:6      | Identified the +9 flail "Riesuef" {vorpal, rF+ Str+7 Int-4}
  7542 | D:6      | Reached skill level 1 in Maces & Flails
  7890 | D:7      | Found a sacrificial altar of Ru.
  7912 | D:7      | Noticed a two-headed ogre
  7920 | D:7      | Killed a two-headed ogre
  8428 | D:7      | Paralysed by an orc for 3 turns
  8539 | D:7      | Found a broken altar of Ashenzari.
  8575 | D:7      | Found a runed translucent door.
  8576 | D:7      | Noticed sastreii's ghost (novice GnGl)
  8609 | D:7      | Killed sastreii's ghost
  8610 | D:7      | Reached skill level 5 in Maces & Flails
  8610 | D:7      | Reached skill level 10 in Invocations
  9062 | D:8      | Noticed Maggie
  9081 | D:8      | Killed Maggie
  9292 | D:8      | Found a basalt altar of Yredelemnul.
  9312 | D:8      | Noticed a two-headed ogre
  9316 | D:8      | Killed a two-headed ogre
  9461 | D:8      | Reached XP level 11. HP: 73/101 MP: 19/19
 10045 | D:8      | Noticed a deep elf pyromancer
 10056 | D:8      | Killed a deep elf pyromancer
 10213 | D:8      | Noticed Harold
 10226 | D:8      | Killed Harold
 11695 | D:9      | Found Xiotah's Gadget Gallery.
 11896 | D:10     | Entered Level 10 of the Dungeon
 11971 | D:10     | Found a shimmering blue altar of Sif Muna.
 12035 | D:10     | Reached skill level 10 in Maces & Flails
 12209 | D:10     | Noticed a two-headed ogre
 12222 | D:10     | Killed a two-headed ogre
 12562 | D:11     | Noticed a two-headed ogre
 12576 | D:11     | Killed a two-headed ogre
 12791 | D:11     | Noticed a death yak
 12801 | D:11     | Noticed a death yak
 12811 | D:11     | Noticed a death yak
 12817 | D:11     | Reached XP level 12. HP: 48/110 MP: 18/21
 13121 | D:10     | Killed a death yak
 13129 | D:10     | Killed a death yak
 13474 | D:11     | Found a staircase to the Lair.
 14361 | D:11     | HP: 5/111 [skeletal warrior[a skeletal warrior] (14)]
 14853 | D:11     | Reached skill level 5 in Armour
 14853 | D:11     | Reached skill level 5 in Shields
 14982 | D:11     | Slain by a skeletal warrior

Illustrated notes

Levels and vault maps discovered:
D:1:      dpeg_arrival_tiny_a, layout_loops_ring, basic_ecumenical_altar,
          serial_shops, shop
D:2:      layout_rooms, minivault_27
D:3:      layout_rooms, gammafunk_ghost_split, minmay_misc_feat_more_columns
D:4:      minmay_skewed_foursquare, layout_loops_ring, gammafunk_ghost_grave,
          serial_shops, nicolae_shop_advertising_works
          [nicolae_subvault_shop_adworks]
D:5:      wad_crossroads, layout_loops_ring, gammafunk_temple_overflow_pools,
          minmay_temple_entry_statues_pillars
D:6:      kennysheep_windowed_halls, layout_basic,
          gammafunk_temple_overflow_elements, gammafunk_ghost_necromancy,
          uniq_grinder
D:7:      layout_basic, amcnicky_altar_gilded, ashenzari_altar_1,
          gammafunk_ghost_grave, serial_bayou_ford_a, minmay_misc_feat_doors
D:8:      minmay_distorted_concentric_squares, layout_loops_cross,
          nicolae_overflow_hidden_temple, minmay_misc_feat_encased, uniq_maggie,
          uniq_harold
D:9:      layout_loops_ring, nicolae_shop_gadgets
D:10:     layout_gridville, old_standard_altar
D:11:     layout_irregular_city, dpeg_lair_monsters

Skill      XL: |  1  2  3  4  5  6  7  8  9 10 11 12 |
---------------+-------------------------------------+-----
Axes           | 3 4 5 6 7 8 9 10 12 | 12.6
Fighting       | 4 5 6 8 10 11 12 | 12.0
Invocations    | 1 2 3 5 7 11 12 | 12.0
Maces & Flails | 6 10 11 | 11.4
Armour         | 5 |  5.3
Shields        | 5 |  5.3

Action                   |  1- 3 |  4- 6 |  7- 9 | 10-12 || total
-------------------------+-------+-------+-------+-------++-------
Melee: War axe           |   102 |   186 |   240 |   144 ||   672
       Flail             |       |       |       |   268 ||   268
Throw: Boomerang         |       |       |     5 |     8 ||    13
Invok: Wall of Briars    |       |     1 |       |     3 ||     4
       Grow Ballistomyce |       |       |     2 |     6 ||     8
  Use: Scroll            |     4 |     1 |     5 |     9 ||    19
       Potion            |       |     2 |       |     2 ||     4
Armor: Scale mail        |    35 |    13 |       |       ||    48
       Leather armour    |       |    49 |    53 |    75 ||   177
       Skin              |       |       |       |    10 ||    10
Dodge: Dodged            |    49 |    98 |    89 |   196 ||   432
Block: Buckler           |    28 |    50 |    44 |    97 ||   219

Table legend: (Time is in decaauts)
 A = Elapsed time spent in this place.
 B = Non-inter-level travel time spent in this place.
 C = Inter-level travel time spent in this place.
 D = Time resting spent in this place.
 E = Time spent auto-exploring this place.
 F = Levels seen in this place.
 G = Mean time per level.
                   A        B        C        D        E       F      G
               +--------+--------+--------+--------+--------+-----+--------+
         Total |  14985 |  14666 |    319 |   4650 |   7532 |  11 | 1362.3 |
       Dungeon |  14985 |  14666 |    319 |   4650 |   7532 |  11 | 1362.3 |
               +--------+--------+--------+--------+--------+-----+--------+

Top non-repeatable levels by time:
     D:8: 1977 daAuts
     D:6: 1918 daAuts
    D:11: 1788 daAuts
     D:3: 1690 daAuts
     D:7: 1401 daAuts
    D:10: 1276 daAuts
     D:4: 1110 daAuts
     D:5: 1098 daAuts
     D:1: 1091 daAuts
     D:9: 842 daAuts
     D:2: 790 daAuts
